 Dungeon Crawl Stone Soup version 0.17-a0-2098-gf59d6bc (webtiles) character file.

94 daawg the Cutter (level 4, -7/28 HPs)
             Began as a Kobold Berserker on Oct 17, 2015.
             Was a Believer of Trog.
             Mangled by an ogre
             ... wielding a +0 giant club
              (22 damage)
             ... on level 4 of the Dungeon.
             The game lasted 00:17:42 (2453 turns).

daawg the Cutter (Kobold Berserker)                 Turns: 2453, Time: 00:17:42

Health: -7/28      AC:  6    Str: 15    XL:     4   Next: 94%
Magic:  4/4        EV: 14    Int:  5    God:    Trog [**....]
Gold:   142        SH:  0    Dex: 16    Spells: 0 memorised, 3 levels left

rFire  . . .     SeeInvis .     g - +1 dagger (flame)
rCold  . . .     Clarity  .     d - +0 ring mail
rNeg   . . .     SustAt   .     (shield restricted)
rPois  .         Gourm    .     (no helmet)
rElec  .         Spirit   .     (no cloak)
rCorr  .         Warding  .     n - +0 pair of gloves
rMut   .         Stasis   .     (no boots)
MR     .....                    j - amulet of inaccuracy
Stlth  +.........               (no ring)
                                (no ring)

@: not resistant to hostile enchantments, very unstealthy
A: carnivore 3
a: Burn Spellbooks, Berserk, Trog's Hand, Renounce Religion


You were on level 4 of the Dungeon.
You worshipped Trog.
Trog was pleased with you.
You were not hungry.

You visited 1 branch of the dungeon, and saw 4 of its levels.

You collected 142 gold pieces.

Inventory:

Hand Weapons
 a - a +0 short sword
 g - a +1 dagger of flaming (weapon)
 m - a -2 dagger
Armour
 b - a +0 animal skin
 d - a +0 ring mail (worn)
 n - a +0 pair of gloves (worn)
Jewellery
 j - an amulet of inaccuracy (around neck)
Wands
 e - a wand of slowing (32)
 f - a wand of magic darts (33)
Scrolls
 p - a scroll of identify
Potions
 h - a potion of might {unknown}
 i - a potion of degeneration {unknown}
 k - 2 potions of flight
 o - 2 potions of magic
Comestibles
 c - a meat ration
 l - 2 chunks of flesh


   Skills:
 - Level 3.5 Fighting
 + Level 6.5 Short Blades
 - Level 1.8 Armour
 - Level 2.6 Dodging


You had 3 spell levels left.
You didn't know any spells.

Dungeon Overview and Level Annotations

Branches:
Dungeon (4/15)
 Temple: D:4-7

Altars:

Annotations:
D:2 Ijyb


Innate Abilities, Weirdness & Mutations

You are small and have problems with some larger weapons.
You are carnivorous and can eat meat at any time.


Message History

You hit the ogre. You burn the ogre.
The ogre is moderately wounded.
The ogre hits you with a giant club!
You barely miss the ogre.
The ogre is moderately wounded.
You barely miss the ogre.
The ogre is moderately wounded.
The ogre barely misses you.
You hit the ogre but do no damage.
The ogre is moderately wounded.
You barely miss the ogre.
The ogre is moderately wounded.
The ogre misses you.
You hit the ogre. You burn the ogre.
The ogre is heavily wounded.
You barely miss the ogre.
The ogre is heavily wounded.
The ogre hits you with a giant club!!
Ouch! That really hurt!
You die...

####.#### ##.....##
#.O.....# #.(#.#..#
#..#.#..# ####
#..#.#..# ...
#..#.#..#
#.##########.......#
#....@O.........####
#################


You could see an ogre.

Vanquished Creatures
  Terence (D:2)
  2 adders (D:2)
  2 oozes (D:1)
  2 orcs (D:1)
  4 bats (D:1)
  2 giant cockroaches
  6 hobgoblins (D:1)
  4 kobolds
  A giant gecko (D:1)
  4 giant newts
  8 goblins
  4 rats
40 creatures vanquished.

Vanquished Creatures (others)
  4 toadstools (D:1)
4 creatures vanquished.

Grand Total: 44 creatures vanquished

Notes
Turn   | Place    | Note
--------------------------------------------------------------
     0 | D:1      | daawg the Kobold Berserker began the quest for the Orb.
     0 | D:1      | Reached XP level 1. HP: 14/14 MP: 1/1
   141 | D:1      | Reached XP level 2. HP: 5/19 MP: 2/2
   902 | D:1      | Reached XP level 3. HP: 21/23 MP: 3/3
  1013 | D:1      | Reached skill level 5 in Short Blades
  1489 | D:1      | Reached ** piety under Trog
  1791 | D:2      | Noticed Ijyb
  2077 | D:2      | Noticed Terence
  2093 | D:2      | Killed Terence
  2093 | D:2      | Reached skill level 6 in Short Blades
  2093 | D:2      | Reached XP level 4. HP: 9/28 MP: 4/4
  2400 | D:2      | You fall through a shaft for 2 floors!
  2419 | D:4      | Noticed an ogre
  2453 | D:4      | Mangled by an ogre

Vault maps used:
D:1:      ldierk_walled_garden_2
D:2:      uniq_terence, uniq_iyjb
D:3:      nicolae_overflow_crystal_walls, portal_sewer_entry_d, serial_undead,
          serial_undead_e, serial_undead_b, serial_undead_d, serial_undead_b,
          ecumenical_altar_1
D:4:      kennysheep_little_box, first_bread, uniq_crazy_yiuf_cottage

Action                   |  1- 3 |  4- 6 || total
-------------------------+-------+-------++-------
Melee: Short sword       |    42 |       ||    42
       Dagger            |   204 |    31 ||   235
Invok: Berserk           |     2 |       ||     2
  Use: Scroll            |     6 |       ||     6
       Potion            |     4 |       ||     4
  Eat: Chunk             |     8 |     2 ||    10
